 Dungeon Sprint DCSS version 0.29.1-15-g9cfb28693d (webtiles) character file.

Game seed: 12071203764120984100

2809 boopmooplesden the Fencer (level 9, -1/96 HPs)
             Began as a Minotaur Berserker on Mar 10, 2023.
             Was a High Priest of Trog.
             Succumbed to a green ugly thing's poison
             ... in the Dungeon (Sprint IX: "|||||||||||||||||||||||||||||").
             The game lasted 00:01:16 (1007 turns).

boopmooplesden the Fencer (Minotaur Berserker)      Turns: 1007, Time: 00:01:17

Health: -1/96      AC: 20    Str: 25    XL:     9   Next: 44%
Magic:  8/8        EV: 10    Int:  4    God:    Trog [*****.]
Gold:   0          SH:  0    Dex: 11    Spells: 8/8 levels left

rFire   . . .      SeeInvis .   k - +2 scimitar (vorpal)
rCold   . . .      Faith    .   (no shield)
rNeg    . . .      Spirit   .   m - +0 plate armour
rPois   .          Reflect  .   (helmet restricted)
rElec   .          Harm     .   l - +0 cloak
rCorr   .          Rampage  .   (no gloves)
Will    .....      NoTele   +   (no boots)
Stlth   ..........              (no amulet)
HPRegen 0.26/turn               o - +2 ring of protection
MPRegen 0.11/turn               n - +2 ring of protection

@: lethally poisoned (-1 -> -34), on berserk cooldown, hasted and slowed
A: horns 2, retaliatory headbutt
a: Renounce Religion, Berserk, Trog's Hand, Brothers in Arms


You were in the Dungeon.
You worshipped Trog.
Trog was extremely pleased with you.
You visited 1 branch

Inventory:

Hand Weapons
 a - a +0 falchion
 k - a +2 vorpal scimitar (weapon)
Armour
 b - a +0 animal skin
 l - a +0 cloak (worn)
 m - a +0 plate armour (worn)
Jewellery
 n - a +2 ring of protection (right hand)
 o - a +2 ring of protection (left hand)
Wands
 j - a wand of acid (10)
Scrolls
 h - a scroll of blinking
Potions
 c - 5 potions of curing
 d - 2 potions of heal wounds
 f - 4 potions of magic
 g - a potion of berserk rage
 i - a potion of invisibility


   Skills:
 + Level 14.4 Fighting
 + Level 16.3 Long Blades
 + Level 11.4 Armour
 + Level 9.9 Dodging


You had 8 spell levels left.
You didn't know any spells.
Your spell library was empty.

Dungeon Overview and Level Annotations

Branches:
Dungeon (1/1)

Altars:
Cheibriados
Dithmenos
Elyvilon
Fedhas
Gozag
Hepliaklqana
Kikubaaqudgha
Makhleb
Nemelex Xobeh
Okawaru
Qazlal
Ru
Sif Muna
Trog
Uskayaw
Vehumet
Wu Jian
Xom
Yredelemnul
Zin
The Shining One
Jiyva
Lugonu


Innate Abilities, Weirdness & Mutations

You have a pair of horns on your head.
You reflexively headbutt those who attack you in melee.


Message History

You hit the skeletal warrior.
The skeletal warrior is heavily damaged.
You barely miss the skeletal warrior. You headbutt the skeletal warrior!
The skeletal warrior is severely damaged.
The skeletal warrior hits you with a +0 long sword.
You slash the skeletal warrior!
The skeletal warrior is almost destroyed.
You slash the skeletal warrior!
You destroy the skeletal warrior!
Trog accepts your kill.
You are no longer berserk.
You are exhausted.
You feel yourself slow down.
Your Fighting skill increases to level 14!
Your Long Blades skill increases to level 16!
Your Armour skill increases to level 11!
You slash the green ugly thing!
The green ugly thing is lightly wounded.
The green ugly thing tail-slaps you.
You are poisoned.
The green ugly thing poisons you!
You slice the green ugly thing!! You headbutt the green ugly thing!
You punch the green ugly thing.
The green ugly thing is severely wounded.
You feel extremely sick.
The green ugly thing tail-slaps you but does no damage.
You closely miss the green ugly thing. You headbutt the green ugly thing!
The green ugly thing is severely wounded.
You feel very sick. The green ugly thing tail-slaps you.
* * * LOW HITPOINT WARNING * * *
You are lethally poisoned!
The green ugly thing poisons you!
Blink to where?
Press: ? - help, Dir - move target
As you read the scroll of blinking, it crumbles to dust.
* * * LOW HITPOINT WARNING * * *
You feel extremely sick.
You feel yourself speed up.
You die...

▓.▓
▓[▓
▓.▓
▓.▓
▓.▓
▓.▓
▓'▓
▓)▓
▓@▓
▓.▓
▓)▓
▓.▓
▓.▓
▓†▓
▓u▓
▓§▓
▓)▓


You could see a green ugly thing.

Vanquished Creatures
  A two-headed ogre (D)
  A skeletal warrior (D)
  2 ugly things (D)
  A gargoyle (D)
  A vampire (D)
  An acid dragon (D)
  2 centaurs (D)
  A gnoll sergeant (D)
  A killer bee (D)
  A jelly (D)
  A hound (D)
  An iguana (D)
  An adder (D)
  A white imp (D)
  An endoplasm (D)
  A goblin (D)
  3 ball pythons (D)
21 creatures vanquished.

Notes
Turn   | Place    | Note
-------+----------+-------------------------------------------
     0 | D        | boopmooplesden the Minotaur Berserker began the quest for
                  | the Orb.
     0 | D        | Reached XP level 1. HP: 19/19 MP: 0/0
     6 | D        | Reached skill level 4 in Long Blades
    14 | D        | Reached ** piety under Trog
   188 | D        | Noticed an iguana
   188 | D        | Noticed a hound
   188 | D        | Noticed a jelly
   191 | D        | Killed an iguana
   192 | D        | Reached skill level 5 in Fighting
   192 | D        | Reached skill level 5 in Long Blades
   192 | D        | Reached XP level 2. HP: 29/29 MP: 1/1
   192 | D        | Reached XP level 3. HP: 36/36 MP: 2/2
   194 | D        | Reached *** piety under Trog
   195 | D        | Reached skill level 6 in Long Blades
   200 | D        | Reached skill level 7 in Long Blades
   200 | D        | Reached XP level 4. HP: 47/47 MP: 3/3
   235 | D        | Found a snail-covered altar of Cheibriados.
   235 | D        | Found a shadowy altar of Dithmenos.
   235 | D        | Found a white marble altar of Elyvilon.
   235 | D        | Found a blossoming altar of Fedhas.
   235 | D        | Found an opulent altar of Gozag.
   236 | D        | Found a hazy altar of Hepliaklqana.
   237 | D        | Found a viscous altar of Jiyva.
   238 | D        | Found an ancient bone altar of Kikubaaqudgha.
   239 | D        | Found a corrupted altar of Lugonu.
   240 | D        | Found a burning altar of Makhleb.
   241 | D        | Found a sparkling altar of Nemelex Xobeh.
   242 | D        | Found an iron altar of Okawaru.
   243 | D        | Found a stormy altar of Qazlal.
   244 | D        | Found a sacrificial altar of Ru.
   245 | D        | Found a shimmering blue altar of Sif Muna.
   246 | D        | Found a bloodstained altar of Trog.
   247 | D        | Found a hide-covered altar of Uskayaw.
   248 | D        | Found a radiant altar of Vehumet.
   249 | D        | Found an ornate altar of the Wu Jian Council.
   250 | D        | Found a shimmering altar of Xom.
   251 | D        | Found a basalt altar of Yredelemnul.
   252 | D        | Found a glowing silver altar of Zin.
   253 | D        | Found a glowing golden altar of the Shining One.
   498 | D        | Noticed a centaur
   498 | D        | Noticed a gnoll sergeant
   498 | D        | Noticed an acid dragon
   498 | D        | Noticed a centaur
   498 | D        | Noticed a gargoyle
   502 | D        | Killed a centaur
   502 | D        | Reached **** piety under Trog
   503 | D        | Reached skill level 9 in Long Blades
   503 | D        | Reached skill level 5 in Dodging
   503 | D        | Reached XP level 5. HP: 56/56 MP: 4/4
   508 | D        | Reached skill level 10 in Long Blades
   508 | D        | Reached skill level 5 in Armour
   511 | D        | Killed an acid dragon
   512 | D        | Reached skill level 10 in Fighting
   512 | D        | Reached skill level 11 in Long Blades
   512 | D        | Reached XP level 6. HP: 58/66 MP: 5/5
   524 | D        | Killed a gargoyle
   525 | D        | Reached skill level 12 in Long Blades
   525 | D        | Reached XP level 7. HP: 19/74 MP: 6/6
   526 | D        | Reached ***** piety under Trog
   972 | D        | Noticed a white ugly thing
   972 | D        | Noticed a vampire
   972 | D        | Noticed a brown ugly thing
   972 | D        | Noticed a two-headed ogre
   972 | D        | Noticed a skeletal warrior
   972 | D        | Noticed a green ugly thing
   978 | D        | Killed a white ugly thing
   979 | D        | Reached skill level 13 in Long Blades
   979 | D        | Reached XP level 8. HP: 85/85 MP: 7/7
   983 | D        | Killed a brown ugly thing
   984 | D        | Reached skill level 14 in Long Blades
   995 | D        | Killed a two-headed ogre
   996 | D        | Reached skill level 15 in Long Blades
   996 | D        | Reached skill level 10 in Armour
   996 | D        | Reached XP level 9. HP: 74/94 MP: 8/8
  1002 | D        | Killed a skeletal warrior
  1003 | D        | Reached skill level 16 in Long Blades
  1007 | D        | Succumbed to a green ugly thing's poison

Illustrated notes

Levels and vault maps discovered:
D:        linesprint [early_d, line_temple, items_1, d_10, items_2, lair_1,
          lair_end, items_3, orc_1, orc_end, items_4, d_15, swamp_1, shoals_1,
          snake_1, spider_1, d_20, vaults_1, items_5, swamp_end, shoals_end,
          snake_end, spider_end, vaults_end, d_27, items_6, zot_1, zot_end,
          crypt_end, forest_end, elf_end, slime_end, tomb_end, abyss_end,
          pan_hell_end]

Skill      XL: |  1  2  3  4  5  6  7  8  9 |
---------------+----------------------------+-----
Fighting       | 5 7 8 10 11 12 13 14 | 14.4
Long Blades    | 5 7 9 11 12 13 15 16 | 16.3
Armour         | 3 4 6 7 8 10 11 | 11.4
Dodging        | 3 4 5 6 7 8 9 |  9.9

Action                   |  1- 3 |  4- 6 |  7- 9 || total
-------------------------+-------+-------+-------++-------
Melee: Falchion          |    23 |     4 |       ||    27
       Headbutt          |     5 |     6 |     7 ||    18
       Punch             |     1 |       |     2 ||     3
       Scimitar          |       |    20 |    31 ||    51
Invok: Berserk           |     1 |     1 |     1 ||     3
  Use: Potion            |       |     1 |     1 ||     2
       Scroll            |       |       |     1 ||     1
Armor: Animal skin       |     3 |       |       ||     3
       Plate armour      |       |    11 |     5 ||    16
Dodge: Dodged            |    16 |    11 |     6 ||    33
